 Dungeon Crawl Stone Soup version 0.31-a0-180-g519b7de00c (webtiles) character file.

Game seed: 10188765108475931348

1796 qw the Cleaver (level 9, 0/55 HPs)
             Began as a Gargoyle Fighter on June 19, 2023.
             Slain by a killer bee (2 damage)
             ... on level 7 of the Dungeon.
             The game lasted 00:03:01 (5713 turns).

qw the Cleaver (Gargoyle Fighter)                   Turns: 5713, Time: 00:03:01

Health: 0/55       AC: 22    Str: 25    XL:     9   Next: 9%
Magic:  0/9        EV:  7    Int:  8    God:
Gold:   155        SH:  4    Dex:  9    Spells: 8/8 levels left

rFire   . . .        Y - +2 war axe
rCold   . . .        c - +0 buckler
rNeg    + + .        k - +0 plate armour
rPois   inf          (no helmet)
rElec   +            (no cloak)
rCorr   .            (no gloves)
SInv    .            (no boots)
Will    .....        q - amulet of guardian spirit Stlth
                     e - ring of positive energy
HPRegen 0.29/turn    g - +4 ring of protection
MPRegen 0.11/turn

%: guardian spirit
@: no status effects
A: sickness immunity, AC +6, negative energy resistance 1, electricity
resistance, torment resistance 1, petrification resistance
a: no special abilities


You were on level 7 of the Dungeon.
You visited 1 branch of the dungeon, and saw 7 of its levels.

You collected 263 gold pieces.
You spent 108 gold pieces at shops.


Innate Abilities, Weirdness & Mutations

You are immune to sickness and miasma.
Your stone body is resilient. (AC +6)
You are immune to poison.
You resist negative energy. (rN+)
You are resistant to electric shocks. (rElec)
You are resistant to unholy torment.
You are immune to petrification.


   Skills:
 - Level 6.2 Fighting
 - Level 9.0 Axes
 + Level 4.3 Armour
 - Level 1.0 Dodging
 - Level 4.2 Shields


You had 8 spell levels left.
You didn't know any spells.
Your spell library was empty.

Inventory:

Hand Weapons
 n - a +0 morningstar
 Y - a +2 war axe (weapon)
Armour
 c - a +0 buckler (worn)
 k - a +0 plate armour (worn)
Jewellery
 e - a ring of positive energy (left hand)
 g - a +4 ring of protection (right hand)
 q - an amulet of guardian spirit (around neck)
Scrolls
 f - 4 scrolls of teleportation
 m - a scroll of identify
Potions
 a - a potion of enlightenment
 b - a potion of cancellation
 d - a potion of might
 h - a potion of magic
 i - 2 potions of lignification
 j - a potion of attraction
 l - a potion of invisibility {unknown}
 o - a potion of curing
 p - a potion of resistance
 r - a potion of mutation

Dungeon Overview and Level Annotations

Branches:
Dungeon (7/15)
 Temple: D:4-7

Altars:

Shops:
D:5 *(

Annotations:
D:7 Joseph


Message History

You block the killer bee's attack.
The killer bee stings you but does no damage.
The killer bee barely misses you.
The killer bee stings you but does no damage.
You block the killer bee's attack.
Joseph hits you with a +1 quarterstaff of draining.
You hit the killer bee.
The killer bee is almost dead.
You miss the killer bee. You hit Joseph but do no damage.
You slash the killer bee! You block the killer bee's attack.
The killer bee barely misses you.
The killer bee stings you but does no damage.
The killer bee stings you.
Joseph hits you with a +1 quarterstaff of draining.
You miss the killer bee.
The killer bee is almost dead.
You hit Joseph but do no damage. You miss the killer bee.
You hit the killer bee. The killer bee stings you!
The killer bee stings you but does no damage.
The killer bee closely misses you.
The killer bee stings you but does no damage. x2
You block the killer bee's attack. Joseph closely misses you.
You hit the killer bee.
You kill the killer bee!
You slash the killer bee! You hit Joseph. You closely miss the killer bee.
The killer bee completely misses you. The killer bee barely misses you.
The killer bee stings you but does no damage.
Joseph hits you but does no damage.
The killer bee stings you but does no damage. x3
You miss the killer bee.
The killer bee is severely wounded.
You miss the killer bee. You slash Joseph! You slash the killer bee!
The killer bee stings you.
The killer bee stings you but does no damage.
The killer bee stings you.
Joseph hits you with a +1 quarterstaff of draining!
The killer bee stings you. The killer bee completely misses you.
The killer bee stings you.
You die...

.....^.##########
.......#........#.....?.
.......'........#.......
.......#........#.......
.......#........#.......
.......#........#.......
.......#........#.......
.......#...###'##y......
.########+###...@@y# .#
#...yy.# .+ #......# .#
+......# #......#
#......# #####... ....


You could see Joseph and 4 killer bees.

Vanquished Creatures
  A steam dragon (D:6)
  2 ice beasts
  A hornet zombie (D:5)
  2 ogres (D:6)
  2 phantoms
  A bullfrog (D:7)
  2 wyvern zombies (D:5)
  2 killer bees (D:7)
  A centaur zombie (D:5)
  2 jellies (D:6)
  2 bullfrog zombies (D:5)
  3 hounds
  2 orc priests
  2 centaur skeletons (D:5)
  6 orc wizards
  Terence (D:3)
  An iguana (D:5)
  2 scorpion zombies (D:5)
  3 hound zombies (D:5)
  2 howler monkey zombies (D:5)
  3 adders
  2 white imps
  An ufetubus (D:4)
  2 dart slugs
  23 orcs
  5 ball pythons
  6 endoplasms
  2 giant cockroaches (D:1)
  4 goblins (D:1)
  5 hobgoblins
  3 jackals (D:5)
  3 quokkas
  7 bats
  4 frilled lizards
  5 kobolds
  9 rats
124 creatures vanquished.

Notes
Turn   | Place    | Note
-------+----------+-------------------------------------------
     0 | D:1      | qw the Gargoyle Fighter began the quest for the Orb.
     0 | D:1      | Reached XP level 1. HP: 14/14 MP: 1/1
     0 | D:1      | 0 ||| qw: Version: 0.3-a-7-ge0c9b40
     0 | D:1      | 0 ||| qw: Game counter: 1041
     0 | D:1      | 0 ||| qw: Always use a shield: true
     0 | D:1      | 0 ||| qw: God list: Okawaru
     0 | D:1      | 0 ||| qw: Allow faded altars: false
     0 | D:1      | 0 ||| qw: Do Orc after D:15 true
     0 | D:1      | 0 ||| qw: Do second Lair branch before Depths: true
     0 | D:1      | 0 ||| qw: Lair rune preference: random
     0 | D:1      | 0 ||| qw: Plans: Normal, Zot:1-4, Slime:5, God:TSO, Crypt,
                  | Tomb, Abyss, Pan, Hells, Win
     0 | D:1      | 0 ||| PLANNING D:1-11
    39 | D:1      | Reached skill level 2 in Axes
    74 | D:1      | 74 ||| Stepping ~*~*~tactically~*~*~ (stealth).
   164 | D:1      | Reached XP level 2. HP: 19/19 MP: 2/2
   232 | D:1      | 232 ||| FLEEEEING.
   233 | D:1      | 233 ||| FLEEEEING.
   239 | D:1      | 239 ||| Stepping ~*~*~tactically~*~*~ (hiding).
   240 | D:1      | 240 ||| Stepping ~*~*~tactically~*~*~ (hiding).
   421 | D:1      | 421 ||| Stepping ~*~*~tactically~*~*~ (stealth).
   469 | D:1      | Reached skill level 3 in Axes
   538 | D:1      | Reached XP level 3. HP: 18/23 MP: 3/3
   672 | D:1      | 672 ||| DROPPING +0 club.
   847 | D:1      | 847 ||| UPGRADING to ring of positive energy.
   848 | D:1      | 848 ||| READING scroll labelled QIVVYUP JESE.
   865 | D:1      | 865 ||| READING scroll labelled IFUZUFU SYTU.
   966 | D:1      | 966 ||| READING scroll labelled RADAIZE BAEVI.
   967 | D:1      | 967 ||| READING scroll labelled FOENAH NOURCH.
   972 | D:1      | 972 ||| READING scroll labelled ANETOW ITHA.
  1183 | D:2      | 1183 ||| Stepping ~*~*~tactically~*~*~ (stealth).
  1185 | D:2      | 1185 ||| Stepping ~*~*~tactically~*~*~ (hiding).
  1431 | D:2      | Identified the +12 hand axe "Ziplesmau" {drain, *Rage rN+
                  | SInv}
  1447 | D:2      | Found Anoag's General Store.
  1673 | D:2      | 1673 ||| UPGRADING to +4 ring of protection.
  1674 | D:2      | 1674 ||| READING scroll labelled ORCHOP GULEMI.
  1675 | D:2      | 1675 ||| READING scroll labelled OME HORPHODAYK.
  1676 | D:2      | 1676 ||| DRINKING 2 fuming inky potions.
  1754 | D:3      | 1754 ||| Stepping ~*~*~tactically~*~*~ (stealth).
  1757 | D:3      | Noticed Terence
  1778 | D:3      | HP: 4/23 [Terence/+1 falchion of protection (6)]
  1779 | D:3      | 1779 ||| READING 2 scrolls of teleportation.
  1926 | D:3      | Reached XP level 4. HP: 28/28 MP: 4/4
  1936 | D:3      | Reached skill level 4 in Axes
  1984 | D:3      | 1984 ||| DROPPING +0 whip.
  2039 | D:3      | Killed Terence
  2040 | D:3      | Reached XP level 5. HP: 25/32 MP: 5/5
  2291 | D:3      | 2291 ||| Stepping ~*~*~tactically~*~*~ (hiding).
  2371 | D:3      | 2371 ||| DROPPING +0 mace.
  2573 | D:3      | Reached skill level 5 in Axes
  2691 | D:3      | 2691 ||| UPGRADING to +0 chain mail.
  2701 | D:3      | 2701 ||| DROPPING +0 scale mail.
  2702 | D:3      | 2702 ||| READING scroll labelled ECHOIC GEFE.
  2703 | D:3      | 2703 ||| READING scroll labelled OBISEE UTOINOT.
  2704 | D:3      | 2704 ||| READING 2 scrolls of identify.
  2704 | D:3      | 2704 ||| IDENTIFYING sedimented yellow potion
  2705 | D:3      | 2705 ||| DROPPING potion of degeneration.
  2796 | D:4      | 2796 ||| Stepping ~*~*~tactically~*~*~ (stealth).
  2797 | D:4      | 2797 ||| Stepping ~*~*~tactically~*~*~ (stealth).
  2834 | D:4      | 2834 ||| Stepping ~*~*~tactically~*~*~ (stealth).
  2836 | D:4      | 2836 ||| Stepping ~*~*~tactically~*~*~ (hiding).
  2866 | D:4      | 2866 ||| Stepping ~*~*~tactically~*~*~ (stealth).
  2972 | D:4      | 2972 ||| READING scroll of enchant weapon.
  2972 | D:4      | 2972 ||| ENCHANTING +1 war axe.
  3004 | D:4      | Reached XP level 6. HP: 38/38 MP: 6/6
  3295 | D:4      | 3295 ||| READING scroll labelled NOWINA BOIGG.
  3296 | D:4      | 3296 ||| READING 5 scrolls of identify.
  3296 | D:4      | 3296 ||| IDENTIFYING bubbling pink potion
  3297 | D:4      | 3297 ||| READING 4 scrolls of identify.
  3297 | D:4      | 3297 ||| IDENTIFYING murky silvery potion
  3298 | D:4      | 3298 ||| READING 3 scrolls of identify.
  3298 | D:4      | 3298 ||| IDENTIFYING glowing golden potion
  3299 | D:4      | 3299 ||| READING 2 scrolls of identify.
  3299 | D:4      | 3299 ||| IDENTIFYING black potion
  3339 | D:5      | Entered Level 5 of the Dungeon
  3411 | D:5      | Reached skill level 6 in Axes
  3562 | D:5      | Found Qeop's Antique Weapon Shoppe.
  3570 | D:5      | 3570 ||| SHOPLISTING runed war axe (162 gold, have 159).
  3590 | D:5      | Reached skill level 1 in Dodging
  3590 | D:5      | Reached XP level 7. HP: 43/43 MP: 7/7
  3805 | D:5      | Identified the +5 battleaxe "Syrin" {heavy, rPois Will++
                  | Dex-2}
  3960 | D:5      | Reached skill level 7 in Axes
  4035 | D:5      | Found Adorafo's Assorted Antiques.
  4041 | D:5      | 4041 ||| SHOPLISTING glowing flail (234 gold, have 172).
  4041 | D:5      | 4041 ||| SHOPLISTING potion of magic (288 gold, have 172).
  4041 | D:5      | 4041 ||| BUYING scroll labelled BAMPYU DUUB (36 gold).
  4041 | D:5      | Bought a scroll labelled BAMPYU DUUB for 36 gold pieces
  4041 | D:5      | 4041 ||| BUYING scroll of identify (72 gold).
  4041 | D:5      | Bought a scroll of identify for 72 gold pieces
  4041 | D:5      | 4041 ||| SHOPLISTING transparent chain mail (342 gold, have
                  | 64).
  4125 | D:5      | 4125 ||| Stepping ~*~*~tactically~*~*~ (stealth).
  4137 | D:5      | Reached XP level 8. HP: 15/50 MP: 8/8
  4423 | D:5      | 4423 ||| UPGRADING to +0 plate armour.
  4433 | D:5      | 4433 ||| DROPPING +0 chain mail.
  4434 | D:5      | 4434 ||| READING scroll labelled BAMPYU DUUB.
  4435 | D:5      | 4435 ||| READING 2 scrolls of identify.
  4435 | D:5      | 4435 ||| IDENTIFYING white potion
  4470 | D:6      | 4470 ||| Stepping ~*~*~tactically~*~*~ (stealth).
  4471 | D:6      | 4471 ||| Stepping ~*~*~tactically~*~*~ (stealth).
  4695 | D:6      | 4695 ||| Stepping ~*~*~tactically~*~*~ (stealth).
  4841 | D:6      | Reached skill level 8 in Axes
  4937 | D:6      | Reached skill level 6 in Fighting
  5047 | D:6      | 5047 ||| Stepping ~*~*~tactically~*~*~ (stealth).
  5056 | D:6      | 5056 ||| Stepping ~*~*~tactically~*~*~ (stealth).
  5058 | D:6      | 5058 ||| Stepping ~*~*~tactically~*~*~ (hiding).
  5059 | D:6      | 5059 ||| Stepping ~*~*~tactically~*~*~ (hiding).
  5060 | D:6      | 5060 ||| Stepping ~*~*~tactically~*~*~ (hiding).
  5061 | D:6      | 5061 ||| Stepping ~*~*~tactically~*~*~ (hiding).
  5074 | D:6      | 5074 ||| Stepping ~*~*~tactically~*~*~ (stealth).
  5363 | D:6      | Reached skill level 9 in Axes
  5566 | D:6      | 5566 ||| UPGRADING to amulet of guardian spirit.
  5571 | D:6      | 5571 ||| DRINKING 2 dark potions.
  5572 | D:6      | 5572 ||| READING 3 scrolls of identify.
  5572 | D:6      | 5572 ||| IDENTIFYING pink potion
  5573 | D:6      | 5573 ||| READING 2 scrolls of identify.
  5573 | D:6      | 5573 ||| IDENTIFYING lumpy brown potion
  5574 | D:6      | 5574 ||| DROPPING potion of ambrosia.
  5606 | D:7      | Reached XP level 9. HP: 55/55 MP: 9/9
  5694 | D:7      | Noticed Joseph
  5695 | D:7      | 5695 ||| Stepping ~*~*~tactically~*~*~ (hiding).
  5713 | D:7      | HP: 12/55 [killer bee (3)]
  5713 | D:7      | HP: 3/55 [Joseph/+1 quarterstaff of draining (6)]
  5713 | D:7      | Slain by a killer bee

Levels and vault maps discovered:
D:1:      mrwooster_arrival_statue, layout_basic
D:2:      layout_loops_cross, serial_shops, shop, corner_web_ring
D:3:      layout_basic, uniq_terence
D:4:      layout_loops_cross
D:5:      layout_loops_ring, serial_shops, shop, nicolae_shop_rolling_square,
          serial_undead, serial_undead_b, serial_undead_a, serial_undead_f,
          serial_undead_f, serial_undead_f, serial_undead_c, serial_undead_f,
          serial_undead_e
D:6:      layout_loops_ring
D:7:      layout_gridville, mainiacjoe_overflow_chevrons,
          minmay_temple_entry_purple_smoke, grunt_ministairs_4, uniq_pikel,
          uniq_joseph

Skill      XL: |  1  2  3  4  5  6  7  8  9 |
---------------+----------------------------+-----
Axes           | 2 3 4 5 6 7 9 |  9.0
Fighting       | 4 5 6 |  6.2
Dodging        | 1 |  1.0
Armour         | 4 |  4.3
Shields        | 4 |  4.2

Action                     |  1- 3 |  4- 6 |  7- 9 || total
---------------------------+-------+-------+-------++-------
  Melee: War axe           |   150 |   131 |   201 ||   482
    Use: Scroll            |     8 |     9 |     4 ||    21
         Potion            |     1 |       |     1 ||     2
 Armour: Scale mail        |    64 |    35 |       ||    99
         Chain mail        |       |    33 |    64 ||    97
         Plate armour      |       |       |   133 ||   133
  Dodge: Dodged            |    80 |    53 |    74 ||   207
  Block: Buckler           |    27 |    18 |    26 ||    71

Table legend:
 A = Non-vault XP
 B = Vault XP
 C = Vault XP percentage of total XP
 D = Non-vault monster count
 E = Vault monster count
 F = Vault count percentage of total count
                 A         B        C        D         E       F
            +---------+---------+-------+---------+---------+-------
      Total |    1744 |     823 |  32.1 |     103 |      21 |  16.9
            +---------+---------+-------+---------+---------+-------
        D:1 |      43 |       0 |   0.0 |      25 |       0 |   0.0
        D:2 |      16 |       0 |   0.0 |      10 |       0 |   0.0
        D:3 |     135 |      36 |  21.1 |      25 |       1 |   3.8
        D:4 |     118 |       0 |   0.0 |       9 |       0 |   0.0
        D:5 |     199 |     775 |  79.6 |       8 |      16 |  66.7
        D:6 |    1021 |       0 |   0.0 |      23 |       0 |   0.0
        D:7 |     212 |      12 |   5.4 |       3 |       4 |  57.1
            +---------+---------+-------+---------+---------+-------
